 Dungeon Crawl Stone Soup version 0.28.0-53-g5a82cb258f (webtiles) character file.

Game seed: 2259246486746324083

42 wingedge the Chopper (level 3, -1/37 HPs)
             Began as an Ogre Gladiator on June 8, 2022.
             Slain by a goblin
             ... wielding a +0 dagger
             ... led by Robin
              (5 damage)
             ... on level 2 of the Dungeon.
             The game lasted 00:02:38 (1576 turns).

wingedge the Chopper (Ogre Gladiator)               Turns: 1576, Time: 00:02:39

Health: -1/37      AC:  3    Str: 20    XL:     3   Next: 56%
Magic:  3/3        EV: 10    Int:  9    God:
Gold:   99         SH:  0    Dex: 10    Spells: 2/2 levels left

rFire   + . .      SeeInvis .   a - +0 war axe
rCold   + . .      Faith    .   (no shield)
rNeg    . . .      Spirit   .   b - +0 robe
rPois   +          Reflect  .   c - +0 hat
rElec   +          Harm     .   (no cloak)
rCorr   +          Rampage  .   (gloves unavailable)
Will    .....                   (boots unavailable)
Stlth   +.........              (no amulet)
HPRegen 0.12/turn               (no ring)
MPRegen 0.08/turn               (no ring)

@: resistant
A: large, unfitting armour, tough skin 1
a: no special abilities


You were on level 2 of the Dungeon.
You visited 1 branch of the dungeon, and saw 2 of its levels.

You collected 99 gold pieces.

Inventory:

Hand Weapons
 a - a +0 war axe (weapon)
 e - a +0 hunting sling
Missiles
 d - 3 throwing nets (quivered)
Armour
 b - a +0 robe (worn)
 c - a +0 hat (worn)
Scrolls
 g - a scroll of identify
Potions
 f - a potion of brilliance


   Skills:
 - Level 3.0 Fighting
 + Level 4.1 Axes
 - Level 2.0 Throwing
 - Level 3.0 Dodging


You had 2 spell levels left.
You didn't know any spells.
Your spell library contained the following spells:

 Spells                   Type           Power      Damage    Failure   Level
 Conjure Flame            Conj/Fire      0%         6-21      77%         3
 Ignite Poison            Fire/Tmut/Pois 0%         N/A       77%         3
 Sticky Flame             Conj/Fire      0%         2d3       99%         4


Dungeon Overview and Level Annotations

Branches:
Dungeon (2/15)

Altars:

Annotations:
D:2 Robin


Innate Abilities, Weirdness & Mutations

You are too large for most types of armour.
You have tough skin. (AC +1)


Message History

Robin roars a battlecry!
The goblin goes into a battle-frenzy!
The goblin closely misses you.
You closely miss the goblin.
The goblin no longer looks unusually strong.
The hobgoblin no longer looks unusually strong.
The goblin hits you with a +0 dagger.
Robin hits you from afar with a +0 trident.
You closely miss the goblin. The goblin barely misses you.
Robin throws the goblin at you!
You barely miss the goblin. You hit the goblin. The goblin closely misses you.
The goblin barely misses you.
You barely miss the goblin. x2
The goblin no longer looks unusually strong.
The goblin hits you with a +0 dagger. The goblin hits you but does no damage.
Robin barely misses you. The goblin closely misses you.
The goblin barely misses you.
You closely miss the goblin. x2
Robin roars a battlecry!
The goblins go into a battle-frenzy!
The goblin hits you with a +0 dagger. The goblin hits you but does no damage.
Robin hits you from afar with a +0 trident.
As you read the scroll labelled DIOBOSTRUUBB, it crumbles to dust.
It is a scroll of identify.
f - a potion of brilliance The goblin hits you with a +0 dagger.
* * * LOW HITPOINT WARNING * * *
The goblin barely misses you. Robin hits you but does no damage.
It was a potion of resistance.
You feel protected. The goblin hits you with a +0 dagger.
* * * LOW HITPOINT WARNING * * *
The goblin barely misses you. Robin closely misses you.
Sorry, you're not good enough to have a special ability.
As you read the scroll labelled LOROHO YHEOTWO, it crumbles to dust.
The scroll dissolves into smoke.
It was a scroll of fog.
The goblin hits you with a +0 dagger.
* * * LOW HITPOINT WARNING * * *
The goblin hits you with a +0 dagger.
You die...

#####
########...##
....).......#
.##.........######
.##.###..........#
.....##....#####.#
......#.#### #ยง#
.#...##.# #g#
.##.###.# #@#
........# ##g#
###.##### #gg# #+#
#g## #####w###
#...gg..#
#.#.#.#.#
#..)..#.#
+.......# #


You could see Robin, a hobgoblin (strong) and 2 goblins.

Vanquished Creatures
  5 endoplasms
  A giant cockroach (D:1)
  3 goblins
  3 hobgoblins (D:1)
  7 jackals (D:1)
  4 kobolds (D:1)
  A quokka (D:2)
  4 ball pythons
  3 bats
  A frilled lizard (D:1)
  2 rats (D:1)
34 creatures vanquished.

Notes
Turn   | Place    | Note
-------+----------+-------------------------------------------
     0 | D:1      | wingedge the Ogre Gladiator began the quest for the Orb.
     0 | D:1      | Reached XP level 1. HP: 22/22 MP: 1/1
   186 | D:1      | Reached XP level 2. HP: 30/31 MP: 2/2
   696 | D:1      | Reached XP level 3. HP: 22/37 MP: 3/3
  1354 | D:2      | Reached skill level 4 in Axes
  1555 | D:2      | Noticed Robin
  1576 | D:2      | Slain by a goblin

Illustrated notes

Levels and vault maps discovered:
D:1:      minmay_arrival_plants_in_alcoves, layout_loops_corners
D:2:      layout_loops_corners, ebering_ecumenical_altar_hall,
          minmay_tiny_reverse_x, uniq_robin

Skill      XL: |  1  2  3 |
---------------+----------+-----
Fighting       | 3 |  3.0
Dodging        | 3 |  3.0
Axes           | 4 |  4.1
Throwing       | |  2.0

Action                   || total
-------------------------++-------
Melee: War axe           ||    80
  Use: Scroll            ||     2
       Potion            ||     1
 Stab: Sleeping          ||     1
Armor: Robe              ||    29
Dodge: Dodged            ||    58
